 Dungeon Crawl Stone Soup version 0.18.1-48-g4cf74bf (webtiles) character file.

91 Joat the Chiller (level 4, -1/54 HPs)
             Began as a Naga Ice Elementalist on Aug 18, 2016.
             Slain by pasperui's ghost (7 damage)
             ... on level 3 of the Dungeon.
             The game lasted 00:14:10 (1875 turns).

Joat the Chiller (Naga Ice Elementalist)            Turns: 1875, Time: 00:14:10

Health: -1/54      AC:  4    Str: 15    XL:     4   Next: 57%
Magic:  3/7        EV: 10    Int: 16    God:
Gold:   87         SH:  0    Dex: 15    Spells: 3 memorised, 1 level left

rFire  . . .     SeeInvis +     u - +0 war axe (curse)
rCold  . . .     Gourm    .     a - +0 robe
rNeg   . . .     Faith    .     (no shield)
rPois  +         Spirit   .     q - +2 hat
rElec  .         Dismiss  .     (no cloak)
rCorr  .         Reflect  .     (no gloves)
SustAt .         Harm     .     (no barding)
MR     +....                    (no amulet)
Stlth  ..........               f - +3 ring of dexterity
                                w - ring of protection from magic

@: berserking (expiring), quick, somewhat resistant to hostile enchantments,
extremely unstealthy
A: see invisible, deformed body, poison resistance, slowness 2, slow metabolism
1, spit poison 2, AC +1
a: Spit Poison


You were on level 3 of the Dungeon.
You were not hungry.

You visited 1 branch of the dungeon, and saw 3 of its levels.

You collected 87 gold pieces.

Inventory:

Hand Weapons
 g - a +0 spear
 m - a +1 short sword of holy wrath
 u - a cursed +0 war axe (weapon)
Missiles
 s - 2 needles of confusion
 v - 6 javelins (quivered)
Armour
 a - a +0 robe (worn)
 q - a +2 hat (worn)
Jewellery
 f - a +3 ring of dexterity (right hand)
 w - a ring of protection from magic (left hand)
Scrolls
 d - a scroll of fear
 h - a scroll of teleportation
 l - 2 scrolls of identify
 p - a scroll of enchant weapon
Potions
 i - a potion of magic {unknown}
 j - a potion of mutation {unknown}
 n - a potion of cancellation {unknown}
 t - a potion of lignification {unknown}
 z - a potion of degeneration {unknown}
Books
 b - a book of Frost

   Spells                             Type                      Level
   a - Freeze                         Ice                          1
   b - Throw Frost                    Conjuration/Ice              2
   c - Ozocubu's Armour               Charms/Ice                   3
   d - Throw Icicle                   Conjuration/Ice              4
   e - Summon Ice Beast               Ice/Summoning                4
Comestibles
 c - a bread ration
 o - 2 fruits
 r - a slice of pizza
 x - 6 chunks of flesh


   Skills:
 - Level 1.5 Dodging
 - Level 3.0 Stealth
 + Level 2.1 Spellcasting
 - Level 2.0 Conjurations
 * Level 4.7 Ice Magic


You had one spell level left.
You knew the following spells:

 Your Spells              Type           Power        Failure   Level  Hunger
a - Freeze                Ice            ###.         3%          1    #......
b - Throw Frost           Conj/Ice       ##....       10%         2    ###....
c - Ozocubu's Armour      Chrm/Ice       #.......     28%         3    ###....


Dungeon Overview and Level Annotations

Branches:
Dungeon (3/15)

Altars:
Qazlal
Ru

Annotations:
D:3 pasperui's ghost, amateur OgFi


Innate Abilities, Weirdness & Mutations

You cannot wear boots.
Your serpentine skin is tough (AC +1).
You have supernaturally acute eyesight.
Armour fits poorly on your strangely shaped body.
Your system is resistant to poisons.
You cover ground very slowly.
You have a slow metabolism.
You can spit poison.


Message History

Pasperui's ghost is heavily damaged.
You feel sick. The quokka bites you. Pasperui's ghost hits you.
You barely miss the quokka. You slash pasperui's ghost!
Pasperui's ghost is severely damaged.
The quokka bites you but does no damage.
Pasperui's ghost closely misses you.
You miss the quokka. You barely miss pasperui's ghost.
Pasperui's ghost is severely damaged.
The quokka barely misses you. x2; Pasperui's ghost hits you!
* * * LOW HITPOINT WARNING * * *
You completely miss the quokka. You slash pasperui's ghost!
Pasperui's ghost is severely damaged.
The quokka misses you. Pasperui's ghost hits you!
* * * LOW HITPOINT WARNING * * *
You barely miss the quokka. You hit pasperui's ghost.
Pasperui's ghost is almost destroyed.
You feel sick.
You are no longer poisoned.
The quokka barely misses you. Pasperui's ghost hits you!
You die...

?#.######
........#####
............######
##.###..r..........
.....$...........#
.#.###.#.#..###.#
#.#.#..#
###.###)###rW##
........)..@..#
...W..........#
###.###(###...# #
...# #...# ###.#
#...# ........# .#
... ....# .# ##.#
#.... ..# ..
#...###..#


You could see pasperui's ghost and a quokka.

Vanquished Creatures
  4 adders
  2 dart slugs (D:1)
  4 giant geckos
  An orc (D:3)
  A ball python (D:2)
  4 giant cockroaches
  5 goblins
  3 hobgoblins
  5 kobolds
  7 bats
  A giant newt (D:3)
  8 rats
45 creatures vanquished.

Notes
Turn   | Place    | Note
--------------------------------------------------------------
     0 | D:1      | Joat the Naga Ice Elementalist began the quest for the Orb.
     0 | D:1      | Reached XP level 1. HP: 15/15 MP: 3/3
   157 | D:1      | Reached XP level 2. HP: 7/22 MP: 3/5
   700 | D:1      | Reached skill level 4 in Ice Magic
   705 | D:1      | Learned a level 2 spell: Throw Frost
   729 | D:1      | Reached XP level 3. HP: 27/28 MP: 4/6
   855 | D:2      | Learned a level 3 spell: Ozocubu's Armour
  1018 | D:2      | Found a sacrificial altar of Ru.
  1341 | D:2      | Found a stormy altar of Qazlal.
  1364 | D:2      | Reached XP level 4. HP: 35/36 MP: 7/7
  1854 | D:3      | Noticed pasperui's ghost (amateur OgFi)
  1875 | D:3      | Slain by pasperui's ghost

Skill      XL: |  1  2  3  4 |
---------------+-------------+-----
Ice Magic      | 4 |  4.7
Conjurations   | 2 |  2.0
Dodging        | |  1.5
Stealth        | |  3.0
Spellcasting   | |  2.1

Action                   |  1- 3 |  4- 6 || total
-------------------------+-------+-------++-------
Melee: Spear             |    36 |       ||    36
       Short sword       |    14 |       ||    14
       War axe           |     2 |    17 ||    19
 Cast: Freeze            |    29 |    18 ||    47
       Ozocubu's Armour  |     2 |       ||     2
 Abil: Spit Poison       |     4 |       ||     4
  Use: Scroll            |       |     7 ||     7
       Potion            |       |     1 ||     1
 Stab: Sleeping          |    11 |     4 ||    15
  Eat: Chunk             |     2 |     1 ||     3
Armor: Robe              |    14 |    10 ||    24
Dodge: Dodged            |    25 |    32 ||    57
